 Dungeon Crawl Stone Soup version 0.20.1-1-g8b1a95d (webtiles) character file.

804 Sayu92 the Chopper (level 7, -8/61 HPs)
             Began as a Red Draconian Berserker on Dec 9, 2017.
             Was a Believer of Trog.
             Mangled by an orc warrior
             ... wielding a +0 glaive
              (14 damage)
             ... on level 6 of the Dungeon.
             The game lasted 00:42:55 (5859 turns).

Sayu92 the Chopper (Red Draconian Berserker)        Turns: 5859, Time: 00:42:56

Health: -8/61      AC:  7    Str: 21 (22) XL:     7   Next: 60%
Magic:  7/7        EV: 13    Int:  5 (7)  God:    Trog [**....]
Gold:   311        SH:  0    Dex:  8 (10) Spells: 6/6 levels left

rFire    + . .     SeeInvis .   t - +0 hand axe (flame)
rCold    . . .     Gourm    .   (no shield)
rNeg     . . .     Faith    .   (armour unavailable)
rPois    .         Spirit   .   (helmet restricted)
rElec    .         Reflect  .   (no cloak)
rCorr    .         Harm     .   e - +0 pair of gloves
MR       .....                  (no boots)
Stlth    +.........             (no amulet)
Regen    0.2/turn               h - ring of flight
MPRegen  0.1/turn               (no ring)

@: berserk cooldown, slowed, very slow
A: breathe fire, unfitting armour, fire resistance 1, cold-blooded, AC +6
a: Breathe Fire, Berserk, Trog's Hand, Burn Spellbooks, Renounce Religion, Evoke
Flight


You were on level 6 of the Dungeon.
You worshipped Trog.
Trog was pleased with you.
You were near starving.

You visited 1 branch of the dungeon, and saw 6 of its levels.

You collected 311 gold pieces.

Inventory:

Hand Weapons
 a - a +0 hand axe
 p - the cursed +0 spear "Hennicac" {vamp, +Inv Str+4 Int-2}
   (You found it on level 4 of the Dungeon)

   It inflicts no extra harm, but heals its wielder when it wounds a living foe.
   It affects your strength (+4).
   It affects your intelligence (-2).
   It lets you turn invisible.
   It has a curse placed upon it.
 t - a +0 hand axe of flaming (weapon)
Missiles
 d - 6 javelins (quivered)
 u - 2 tomahawks
Armour
 e - a +0 pair of gloves (worn)
Jewellery
 h - a ring of flight (left hand)
Scrolls
 f - 3 scrolls of identify
 g - a scroll of fog {unknown}
 j - a scroll of fear {unknown}
 l - 3 scrolls of remove curse
 m - a scroll of teleportation
 o - a scroll of amnesia {unknown}
 r - a scroll of magic mapping {unknown}
 s - a scroll of immolation {unknown}
 v - 2 scrolls of enchant weapon {unknown}
Potions
 c - a potion of degeneration
 q - a potion of curing
Comestibles
 b - 2 bread rations
 i - a meat ration
 k - 2 royal jellies
 n - 2 chunks of flesh


   Skills:
 + Level 5.2 Fighting
 * Level 7.4 Axes
 + Level 3.9 Dodging
 + Level 1.4 Stealth


You had 6 spell levels left.
You didn't know any spells.

Dungeon Overview and Level Annotations

Branches:
Dungeon (6/15)
 Temple: D:4-7

Altars:
Fedhas
Gozag

Shops:
D:5 %:

Annotations:
D:4 Eustachio
D:5 Lanoc's ghost, novice DsCK


Innate Abilities, Weirdness & Mutations

You can breathe blasts of fire.
Your fiery red scales are hard. (AC +6)
You cannot fit into any form of body armour.
Your flesh is heat resistant. (rF+)
You are cold-blooded and may be slowed by cold attacks.


Message History

The orc warrior closely misses you.
There is a stone staircase leading up, spattered with blood here.
You feel better. Something hits you but does no damage.
The scorpion closely misses you. The orc warrior closely misses you.
The orc shouts!
You hit the orc warrior. You burn the orc warrior.
Your tail-slap misses the orc warrior.
The orc warrior is lightly wounded.
You hit something. You burn something. Trog accepts your kill.
Trog appreciates your killing of a magic user.
Reactivating autopickup.
You feel a bit more experienced.
You hit the scorpion but do no damage. The scorpion barely misses you.
The orc warrior hits you with a glaive!
* * * LOW HITPOINT WARNING * * *
The scorpion stings you but does no damage.
You slash the orc warrior! You burn the orc warrior.
The orc warrior is heavily wounded.
You barely miss the scorpion. The orc warrior hits you with a glaive!
You die...

#..######
#........
#........
##........
.o.......
#).......
##[.......
#)s<###..#
#@o.#
#....#
#$#..#
.....#
...#..#
........
.#.#. .###
..#.#. .#


You could see an orc warrior, a scorpion and an orc.

Vanquished Creatures
  A centaur (D:5)
  2 scorpions (D:5)
  A bullfrog zombie (D:5)
  3 hounds
  2 orc priests (D:5)
  3 orc wizards
  An iguana (D:5)
  6 worker ants
  A howler monkey zombie (D:5)
  A worker ant zombie (D:5)
  8 adders
  A worm (D:2)
  The ghost of letownia2 the Grave Robber, a weakling DDNe (D:4)
  A dart slug (D:1)
  6 leopard geckos
  14 orcs
  6 bats
  4 giant cockroaches
  5 goblins
  6 hobgoblins
  2 jackals (D:1)
  4 frilled lizards
  11 kobolds
  2 rats
92 creatures vanquished.

Notes
Turn   | Place    | Note
-------+----------+-------------------------------------------
     0 | D:1      | Sayu92 the Draconian Berserker began the quest for the Orb.
     0 | D:1      | Reached XP level 1. HP: 19/19 MP: 1/1
   272 | D:1      | Reached XP level 2. HP: 26/26 MP: 2/2
   779 | D:2      | Found a blossoming altar of Fedhas.
   793 | D:2      | Reached ** piety under Trog
   793 | D:2      | Reached XP level 3. HP: 26/33 MP: 3/3
   902 | D:2      | Found an opulent altar of Gozag.
  1659 | D:3      | Gained mutation: You are clumsy. (Dex -2) [potion of mutation]
  1659 | D:3      | Lost mutation: You are clumsy. (Dex -2) [potion of mutation]
  1687 | D:3      | Reached skill level 4 in Axes
  1687 | D:3      | Reached XP level 4. HP: 40/40 MP: 4/4
  2476 | D:4      | Noticed letownia2's ghost (weakling DDNe)
  2479 | D:4      | Noticed an ogre
  2629 | D:3      | Reached XP level 5. HP: 46/46 MP: 5/5
  2632 | D:3      | Reached skill level 5 in Axes
  3127 | D:4      | Killed letownia2's ghost
  3421 | D:4      | Got a bloodstained spear
  3422 | D:4      | Identified the cursed +0 spear "Hennicac" {vamp, +Inv Str+4 Int-2} (You found it on level 4 of the Dungeon)
  3451 | D:4      | Noticed Eustachio
  4122 | D:5      | Entered Level 5 of the Dungeon
  4128 | D:5      | Found Cathynki's Food Shop.
  4152 | D:5      | Found Ihideili's Book Emporium.
  4174 | D:5      | Reached XP level 6. HP: 25/53 MP: 6/6
  4341 | D:5      | Noticed Lanoc's ghost (novice DsCK)
  4347 | D:6      | Noticed an ice beast
  4673 | D:4      | Reached skill level 6 in Axes
  4968 | D:5      | Reached skill level 1 in Stealth
  4970 | D:5      | Your scales start taking on a fiery red colour.
  4970 | D:5      | Reached XP level 7. HP: 46/60 MP: 7/7
  4970 | D:5      | Gained mutation: Your flesh is heat resistant. (rF+) [Red Draconian growth]
  4972 | D:5      | Reached skill level 5 in Fighting
  5402 | D:5      | Reached skill level 7 in Axes
  5859 | D:6      | Mangled by an orc warrior

Skill      XL: |  1  2  3  4  5  6  7 |
---------------+----------------------+-----
Dodging        | 3 |  3.9
Fighting       | 4 5 |  5.2
Axes           | 4 5 6 7 |  7.4
Stealth        | 1 |  1.4

Action                   |  1- 3 |  4- 6 |  7- 9 || total
-------------------------+-------+-------+-------++-------
Melee: Hand axe          |    81 |   213 |    64 ||   358
       Tailslap          |     3 |    25 |    12 ||    40
Invok: Berserk           |       |     2 |     1 ||     3
       Trog's Hand       |       |       |     1 ||     1
  Use: Scroll            |     4 |     3 |       ||     7
       Potion            |     4 |     3 |     2 ||     9
  Eat: Chunk             |     2 |    11 |       ||    13
       Bread ration      |       |       |     1 ||     1
Armor: Skin              |    29 |    61 |    20 ||   110
Dodge: Dodged            |    55 |   167 |    46 ||   268
